 Dungeon Crawl Stone Soup version 0.31.0-32-g396128a36d (webtiles) character file.

Game seed: 13987712700858026864

109 PaiMei the Grave Robber (level 4, 0/33 HPs)
             Began as a Demonspawn Necromancer on Mar 30, 2024.
             Slain by Grinder (8 damage)
             ... on level 3 of the Dungeon.
             The game lasted 00:02:30 (2599 turns).

PaiMei the Grave Robber (Demonspawn Necromancer)    Turns: 2599, Time: 00:02:31

Health: 0/33       AC:  2    Str:  8    XL:     4   Next: 59%
Magic:  8/8        EV: 12    Int: 18    God:
Gold:   142        SH:  0    Dex: 13    Spells: 7/8 levels left

rFire   . . .        f - +0 falchion (heavy)
rCold   + . .        (no shield)
rNeg    . . .        a - +0 robe
rPois   .            (helmet restricted)
rElec   .            (no cloak)
rCorr   .            (no gloves)
SInv    .            (no boots)
Will    .....        h - amulet of regeneration
Stlth   ++           p - ring of protection from cold
HPRegen 1.05/turn    (no ring)
MPRegen 0.11/turn

%: no passive effects
@: no status effects
A: horns 1, powered by death 1
a: no special abilities


You were on level 3 of the Dungeon.
You visited 1 branch of the dungeon, and saw 3 of its levels.

You collected 142 gold pieces.

Inventory:

Hand Weapons
 f - a +0 heavy falchion (weapon)
Armour
 a - a +0 robe (worn)
 k - an orb of light
Jewellery
 h - an amulet of regeneration (around neck)
 p - a ring of protection from cold (left hand)
Wands
 q - a wand of iceblast (8)
Scrolls
 c - 2 scrolls of brand weapon {unknown}
 d - 2 scrolls of amnesia {unknown}
 i - 2 scrolls of teleportation {unknown}
 j - 3 scrolls of identify {unknown}
 l - a scroll of immolation {unknown}
 o - a scroll of blinking {unknown}
Potions
 b - a potion of magic
 e - a potion of ambrosia {unknown}
 g - a potion of enlightenment {unknown}
 m - a potion of resistance {unknown}
 n - 2 potions of invisibility {unknown}
 r - a potion of cancellation {unknown}
 s - a potion of degeneration {unknown}
 t - 2 potions of curing {unknown}


   Skills:
 + Level 1.6 Fighting
 + Level 2.6 Dodging
 - Level 2.0 Stealth
 + Level 2.8 Spellcasting
 + Level 5.0 Necromancy


You had 7 spell levels left.
You knew the following spells:

 Your Spells              Type           Power      Damage    Failure   Level
a - Necrotise             Necr           80%        1d8       1%          1

Your spell library contained the following spells:

 Spells                   Type           Power      Damage    Failure   Level
 Vampiric Draining        Necr           20%        2d7       6%          3
 Animate Dead             Necr           20%        N/A       21%         4
 Curse of Agony           Necr           20%        N/A       50%         5


Dungeon Overview and Level Annotations

Branches:
Dungeon (3/15)

Altars:

Annotations:
D:3 Grinder


Innate Abilities, Weirdness & Mutations

You have a pair of small horns on your head.
You regenerate a little health from kills.


Message History

You can't see any susceptible monsters within range! (Use Z to cast anyway.)
You swap places.
s - a viscous inky potion
Found a stone staircase leading up.
Found a stone staircase leading down.
You swap places.
Your goblin skeleton crumbles into dust!
You see here a +0 dagger.
Found a flux talisman.
You now have 130 gold pieces (gained 10).
t - a silvery potion You now have 142 gold pieces (gained 12).
t - 2 silvery potions (gained 1)
Things that are here:
a +0 dagger; a +0 whip You see here a +0 whip.
There is a stone staircase leading up here.
You open the door.
There is an open door here.
Grinder comes into view.
Grinder shouts!
Grinder gestures at you.
You barely resist. You hit Grinder.
Grinder is lightly wounded.
Grinder hits you.
You writhe in agony.
Grinder hits you!
You writhe in agony.
You barely miss Grinder. Your headbutt misses Grinder.
Grinder blinks!
Grinder barely misses you.
Grinder blinks!
Grinder gestures at you.
You barely resist. Grinder hits you.
You writhe in agony.
You closely miss Grinder. Grinder hits you. Grinder completely misses you.
You barely miss Grinder. Grinder hits you!
* * * LOW HITPOINT WARNING * * *
You writhe in agony.
* * * LOW HITPOINT WARNING * * *
Grinder hits you!
You die...
Grinder sighs, "Dead already?
I want a refund."

#.........# #.# #.# #...#.#
#####.##### #.# #.# #.#.#.#
#.# ##+## #.###.#.#.# #.#
##...## #...>.....# #.##
##.....#######.....# #..##
##.......## ##....##
##...####.........####.>..#.#
#.......+.........'<.....)...
###...####...@.....####....##.
#.......###..5....## #..#.##.
#.#####.# ##.....## ##.#.#.#
#. #.# ##...## ##...## # #.#
##+## ##.## # #.# #.# #######
#.# #.#####.# #.# #.....# #.#
#.......# ##.###.###.###.#
####.#### ##...##.#.......#


You could see Grinder.

Vanquished Creatures
  2 gnolls (D:3)
  3 adders (D:2)
  A ribbon worm (D:2)
  4 dart slugs
  4 orcs (D:3)
  6 endoplasms
  2 giant cockroaches (D:2)
  5 goblins
  3 hobgoblins
  A quokka (D:3)
  5 ball pythons
  A bat (D:3)
  4 frilled lizards (D:1)
  3 kobolds (D:2)
  4 rats
48 creatures vanquished.

Notes
Turn   | Place    | Note
-------+----------+-------------------------------------------
     0 | D:1      | PaiMei the Demonspawn Necromancer began the quest for the
                  | Orb.
     0 | D:1      | Reached XP level 1. HP: 13/13 MP: 3/3
   316 | D:1      | Gained mutation: You have a pair of small horns on your
                  | head. [demonic ancestry]
   316 | D:1      | Reached XP level 2. HP: 19/19 MP: 3/5
   968 | D:2      | Reached XP level 3. HP: 11/25 MP: 0/6
  1087 | D:2      | Reached skill level 1 in Fighting
  1643 | D:2      | Gained mutation: You regenerate a little health from kills.
                  | [demonic ancestry]
  1643 | D:2      | Reached XP level 4. HP: 29/32 MP: 0/7
  2095 | D:3      | Reached skill level 5 in Necromancy
  2587 | D:3      | Noticed Grinder
  2599 | D:3      | Slain by Grinder

Illustrated notes

Levels and vault maps discovered:
D:1:      lemuel_arrival_funnel, layout_rooms
D:2:      minmay_general_purpose_star, layout_rooms
D:3:      layout_loops_corners, kennysheep_path_1, uniq_grinder

Skill      XL: |  1  2  3  4 |
---------------+-------------+-----
Dodging        | 2 |  2.6
Stealth        | 2 |  2.0
Fighting       | 1 |  1.6
Necromancy     | 5 |  5.0
Spellcasting   | |  2.8

Action                     |  1- 3 |  4- 6 || total
---------------------------+-------+-------++-------
  Melee: Falchion          |     8 |    16 ||    24
   Cast: Necrotise         |    69 |    19 ||    88
 Armour: Robe              |    15 |    26 ||    41
  Dodge: Dodged            |     9 |    17 ||    26
